 Dungeon Crawl Stone Soup version 0.29-a0-617-g7a6b98fccd (webtiles) character file.

Game seed: 682870631306525712

83 IdlyInterested the Skirmisher (level 4, -1/35 HPs)
             Began as a Demonspawn Fighter on June 17, 2022.
             Slain by a worm (3 damage)
             ... on level 2 of the Dungeon.
             The game lasted 00:05:50 (1609 turns).

IdlyInterested the Skirmisher (Demonspawn Fighter)  Turns: 1609, Time: 00:05:50

Health: -1/35      AC:  9    Str: 16    XL:     4   Next: 22%
Magic:  4/4        EV:  9    Int: 13    God:
Gold:   121        SH:  5    Dex: 15    Spells: 4/4 levels left

rFire   + . .      SeeInvis .   a - +0 war axe
rCold   + . .      Faith    .   c - +0 buckler
rNeg    . . .      Spirit   .   b - +0 scale mail
rPois   .          Reflect  .   (helmet restricted)
rElec   .          Harm     .   h - scarf {rC+ rF+}
rCorr   .          Rampage  .   o - +0 pair of gloves
Will    .....      Clarity  +   p - +0 pair of boots
Stlth   ..........              (no amulet)
HPRegen 0.11/turn               (no ring)
MPRegen 0.09/turn               (no ring)

@: slowed, very slow
A: big brain 2, horns 1, clarity
a: no special abilities


You were on level 2 of the Dungeon.
You visited 1 branch of the dungeon, and saw 2 of its levels.

You collected 121 gold pieces.

Inventory:

Hand Weapons
 a - a +0 war axe (weapon)
 f - a +0 hand axe
 l - the +7 hunting sling of Vubreude {vorpal, rPois rCorr Int-2 Dex+3}
   (You found it on level 2 of the Dungeon)

   Any ammunition fired from it inflicts extra damage upon your enemies.
   Int:       It affects your intelligence (-2).
   Dex:       It affects your dexterity (+3).
   rPois:     It protects you from poison.
   rCorr:     It protects you from acid and corrosion.
Missiles
 i - 8 stones (quivered)
Armour
 b - a +0 scale mail (worn)
 c - a +0 buckler (worn)
 h - a scarf of resistance (worn)
 o - a +0 pair of gloves (worn)
 p - a +0 pair of boots (worn)
Scrolls
 e - a scroll of fog {unknown}
 g - a scroll of teleportation
 k - 2 scrolls of poison
Potions
 d - a potion of might
 j - a potion of haste
 n - a potion of ambrosia


   Skills:
 - Level 3.0 Fighting
 * Level 2.6 Axes
 - Level 1.0 Throwing
 - Level 3.0 Armour
 * Level 1.7 Dodging
 - Level 1.0 Stealth
 - Level 2.6 Shields
 * Level 0.6 Spellcasting


You had 4 spell levels left.
You didn't know any spells.
Your spell library contained the following spells:

 Spells                   Type           Power      Damage    Failure   Level
 Static Discharge         Conj/Air       0%         N/A       91%         2
 Dispel Undead            Necr           0%         3d6       100%        4
 Sticky Flame             Conj/Fire      0%         2d3       100%        4


Dungeon Overview and Level Annotations

Branches:
Dungeon (2/15)

Altars:

Annotations:
D:2 1 runed translucent door, Crazy Yiuf


Innate Abilities, Weirdness & Mutations

You have an extremely huge brain. (Int +4)
You have a pair of small horns on your head.
You possess an exceptional clarity of mind.


Message History

You closely miss Natasha. Your headbutt misses Natasha.
Natasha is lightly wounded.
You hit the worm. You hit the white imp but do no damage.
You block Natasha's attack.
The white imp hits you but does no damage.
The crimson imp blinks!
Natasha wildly gestures.
You feel disoriented. Natasha barely misses you.
You slash Natasha!
Natasha is heavily wounded.
You slash the worm! You barely miss the white imp.
The white imp gestures at you. The puff of frost hits you. You resist.
You block Natasha's attack. The worm bites you!
* * * LOW HITPOINT WARNING * * *
You hit Natasha.
Natasha is almost dead.
You barely miss the white imp. You hit the worm.
The white imp hits you but does no damage.
Natasha casts a spell at you.
The magic dart hits you but does no damage.
The white imp gestures at you.
The puff of frost hits you but does no damage.
You block the worm's attack. Natasha casts a spell at you.
You feel yourself slow down.
You hit Natasha.
You kill Natasha!
Natasha growls in agony!
The white imp disappears in a puff of smoke!
The crimson imp disappears in a puff of smoke!
You hit the worm. The worm bites you.
* * * LOW HITPOINT WARNING * * *
You have reached level 4!
You feel agile.
You hit the worm.
The worm is almost dead.
The worm bites you.
You die...

.......#.####..#######
#$....# #....# #.....#
♣....♣ # #.##.##
♣...♣♣ #.#.##.# ♣♣.♣♣
#......# ♣.♣♣
#.#.##.## ♣♣.♣ #####
...#..w..# ♣.♣♣ #...#
.......@.# ♣♣.♣ #....
.#.#.....# #+# #...# #
#.#...# ... #.###
.......# #...# #.#
###)....# #..)# #.#
#.##### ##### #.# ..
#.# ##############
##.# #.......#.####.##


You could see a worm.

Vanquished Creatures
  Natasha (D:2)
  An adder (D:2)
  A worm (D:2)
  A dart slug (D:2)
  A bat (D:1)
  6 endoplasms
  A giant cockroach (D:1)
  4 hobgoblins (D:1)
  6 jackals (D:1)
  A quokka (D:1)
  3 ball pythons
  2 frilled lizards (D:1)
  6 goblins
  4 kobolds (D:1)
  4 rats
42 creatures vanquished.

Notes
Turn   | Place    | Note
-------+----------+-------------------------------------------
     0 | D:1      | IdlyInterested the Demonspawn Fighter began the quest for
                  | the Orb.
     0 | D:1      | Reached XP level 1. HP: 18/18 MP: 1/1
   317 | D:1      | Gained mutation: You have an unusually large brain. (Int
                  | +2) [demonic ancestry]
   317 | D:1      | Reached XP level 2. HP: 24/24 MP: 2/2
   463 | D:1      | Reached skill level 1 in Stealth
   720 | D:1      | Found a faded altar of an unknown god.
   746 | D:1      | Reached skill level 1 in Dodging
   953 | D:1      | Gained mutation: You have an extremely huge brain. (Int +4)
                  | [demonic ancestry]
   953 | D:1      | Reached XP level 3. HP: 25/29 MP: 3/3
  1157 | D:1      | Gained mutation: You possess an exceptional clarity of
                  | mind. [potion of mutation]
  1157 | D:1      | Gained mutation: You have a pair of small horns on your
                  | head. [potion of mutation]
  1519 | D:2      | Reached skill level 1 in Throwing
  1558 | D:2      | Identified the +7 hunting sling of Vubreude {vorpal, rPois
                  | rCorr Int-2 Dex+3}
  1570 | D:2      | Found a runed translucent door.
  1571 | D:2      | Noticed Crazy Yiuf
  1595 | D:2      | Noticed Natasha
  1608 | D:2      | Killed Natasha
  1608 | D:2      | HP: 1/29 [worm (4)]
  1609 | D:2      | Reached XP level 4. HP: 2/35 MP: 4/4
  1609 | D:2      | Slain by a worm

Illustrated notes

Levels and vault maps discovered:
D:1:      nzn_arrival_crosshair, layout_basic, ebering_ecumenical_altar_webs
D:2:      layout_loops_cross, uniq_crazy_yiuf_cottage, uniq_natasha

Skill      XL: |  1  2  3 |
---------------+----------+-----
Axes           | 2 |  2.6
Stealth        | 1 |  1.0
Armour         | 3 |  3.0
Dodging        | 1 |  1.7
Throwing       | 1 |  1.0
Fighting       | |  3.0
Shields        | |  2.6
Spellcasting   | |  0.6

Action                   |  1- 3 |  4- 6 || total
-------------------------+-------+-------++-------
Melee: War axe           |    98 |     1 ||    99
       Headbutt          |     6 |       ||     6
  Use: Scroll            |     5 |       ||     5
       Potion            |     3 |       ||     3
Armor: Scale mail        |    59 |       ||    59
Dodge: Dodged            |    53 |       ||    53
Block: Buckler           |    28 |       ||    28

Table legend: (Time is in decaauts)
 A = Elapsed time spent in this place.
 B = Non-inter-level travel time spent in this place.
 C = Inter-level travel time spent in this place.
 D = Time resting spent in this place.
 E = Time spent auto-exploring this place.
 F = Levels seen in this place.
 G = Mean time per level.
                   A        B        C        D        E       F      G
               +--------+--------+--------+--------+--------+-----+--------+
         Total |   1652 |   1652 |      0 |    254 |    952 |   2 |  826.0 |
       Dungeon |   1652 |   1652 |      0 |    254 |    952 |   2 |  826.0 |
               +--------+--------+--------+--------+--------+-----+--------+

Top non-repeatable levels by time:
     D:1: 1201 daAuts
     D:2: 450 daAuts
